 Dungeon Crawl Stone Soup version 0.29-a0-371-g91724d5b39 (webtiles) character file.

Game seed: 7257489697108820105

192 timneilson the Covered (level 5, 0/33 HPs)
             Began as a Gargoyle Fighter on May 3, 2022.
             Slain by an iguana (9 damage)
             ... on level 3 of the Dungeon.
             The game lasted 00:04:29 (3647 turns).

timneilson the Covered (Gargoyle Fighter)           Turns: 3647, Time: 00:04:30

Health: 0/33       AC: 19    Str: 21    XL:     5   Next: 71%
Magic:  5/5        EV:  9    Int:  9    God:
Gold:   135        SH:  5    Dex:  9    Spells: 4/4 levels left

rFire   . . .      SeeInvis .   a - +1 long sword (protect)
rCold   . . .      Faith    .   c - +1 buckler
rNeg    + . .      Spirit   .   b - +0 scale mail
rPois   ∞          Reflect  .   (no helmet)
rElec   +          Harm     .   (no cloak)
rCorr   +          Rampage  .   q - +0 pair of gloves
Will    .....                   (no boots)
Stlth   ..........              (no amulet)
HPRegen 0.11/turn               k - ring of resist corrosion
MPRegen 0.09/turn               (no ring)

@: under a protective aura
A: sickness immunity, AC +4, negative energy resistance 1, electricity
resistance, torment resistance 1, petrification resistance
a: no special abilities


You were on level 3 of the Dungeon.
You visited 1 branch of the dungeon, and saw 4 of its levels.

You collected 135 gold pieces.

Inventory:

Hand Weapons
 a - a +1 long sword of protection (weapon)
Armour
 b - a +0 scale mail (worn)
 c - a +1 buckler (worn)
 q - a +0 pair of gloves (worn)
Jewellery
 k - a ring of resist corrosion (left hand)
Wands
 p - a wand of digging (4)
Scrolls
 l - 2 scrolls of teleportation
 s - a scroll of enchant armour
Potions
 d - 2 potions of might
 f - 2 potions of haste {unknown}
 g - 2 potions of curing
 h - a potion of flight {unknown}
 i - a potion of brilliance {unknown}
 j - a potion of lignification {unknown}
 m - a potion of heal wounds {unknown}
 n - a potion of degeneration {unknown}
 o - a potion of cancellation {unknown}
 r - 2 potions of attraction {unknown}


   Skills:
 + Level 3.8 Fighting
 * Level 2.9 Long Blades
 * Level 4.4 Armour
 + Level 1.3 Dodging
 * Level 4.4 Shields
 + Level 0.2 Evocations


You had 4 spell levels left.
You didn't know any spells.
Your spell library contained the following spells:

 Spells                   Type           Power      Damage    Failure   Level
 Gell's Gravitas          Tloc           0%         N/A       99%         3
 Lesser Beckoning         Tloc           0%         N/A       99%         3
 Teleport Other           Tloc           0%         N/A       99%         3


Dungeon Overview and Level Annotations

Branches:
Dungeon (4/15)
 Temple: D:4-7

Altars:

Shops:
D:1 (


Innate Abilities, Weirdness & Mutations

You are immune to sickness and miasma.
Your stone body is resilient. (AC +4)
You are immune to poison.
You resist negative energy. (rN+)
You are resistant to electric shocks. (rElec)
You are resistant to unholy torment.
You are immune to petrification.


Message History

You closely miss the iguana.
The iguana is almost dead.
The iguana bites you but does no damage.
You hit the iguana.
You kill the iguana!
You see here an iguana corpse.
An orc comes into view. It is wielding a +0 vorpal hand axe.
The orc shouts!
An iguana comes into view.
The iguana hisses angrily.
You see here an iguana corpse.
There is a stone staircase leading up here.
You climb upwards.
There is a stone staircase leading down here.
You start resting.
HP restored.
You climb downwards.
The iguana bites you! x2
The orc hits you but does no damage.
There is a stone staircase leading up here.
You block the iguana's attack. The orc closely misses you.
You climb upwards.
There is a stone staircase leading down here.
You barely miss the iguana.
The iguana bites you but does no damage.
You hit the iguana.
Your weapon exudes an aura of protection.
The iguana is lightly wounded.
The iguana bites you!
* * * LOW HITPOINT WARNING * * *
The iguana misses you.
You slash the iguana!
The iguana is heavily wounded.
The iguana barely misses you.
You hit the iguana but do no damage.
The iguana is heavily wounded.
The iguana closely misses you.
You barely miss the iguana.
The iguana is heavily wounded.
The iguana bites you!
You die...

##.# #.# #)# #.########......
##.#####.# #<# #.# #......
.........# #.# #.# ##..###
##.#####.####.# #.# ###..###
##..........).# #.# #.......
..............# #.# #.#..###
##..#########.# #.# #.#..# # #..#
#####.####.# #.#..# #
#..#####.......@lo# #.#..# #
#..............#### #....# #
#......#.###.#.# #.##.# #
#..###....##.#.# #.##.# # #..#
#..#.##.#.# #.##.# # #.<#
##...##.#.# #.##.# #
#..#####.###.#.# #.##.###
#..............## #.......
###.#####.####...#########......#


You could see an iguana and an orc.

Vanquished Creatures
  2 hounds (D:3)
  2 iguanas
  2 adders
  A worm (D:2)
  A dart slug (D:3)
  3 orcs
  5 bats
  4 endoplasms
  2 giant cockroaches
  4 goblins
  3 hobgoblins
  4 jackals (D:3)
  4 kobolds
  3 quokkas
  10 ball pythons
  5 rats
55 creatures vanquished.

Vanquished Creatures (others)
  3 plants (D:4)
3 creatures vanquished.

Grand Total: 58 creatures vanquished

Notes
Turn   | Place    | Note
-------+----------+-------------------------------------------
     0 | D:1      | timneilson the Gargoyle Fighter began the quest for the
                  | Orb.
     0 | D:1      | Reached XP level 1. HP: 14/14 MP: 1/1
   192 | D:1      | Found a faded altar of an unknown god.
   218 | D:1      | Reached XP level 2. HP: 17/19 MP: 2/2
  1218 | D:1      | Found Fugipu's Weapon Shop.
  1296 | D:2      | Reached XP level 3. HP: 23/23 MP: 3/3
  2366 | D:3      | Reached XP level 4. HP: 16/28 MP: 4/4
  2376 | D:3      | Reached skill level 1 in Dodging
  2614 | D:3      | Reached XP level 5. HP: 24/33 MP: 5/5
  3647 | D:3      | Slain by an iguana

Illustrated notes

Levels and vault maps discovered:
D:1:      co_arrival_random_square_maze, layout_basic, serial_shops, shop,
          shapermc_ecumenical_altar_petra
D:2:      layout_basic
D:3:      layout_loops_ring
D:4:      layout_rooms, minmay_temple_entry_statues, serial_shops,
          nicolae_shop_waterfront, serial_bayou_crossing

Skill      XL: |  1  2  3  4 |
---------------+-------------+-----
Long Blades    | 2 |  2.9
Shields        | 4 |  4.4
Armour         | 4 |  4.4
Dodging        | 1 |  1.3
Fighting       | |  3.8
Evocations     | |  0.2

Action                   |  1- 3 |  4- 6 || total
-------------------------+-------+-------++-------
Melee: Long sword        |   129 |   114 ||   243
  Use: Scroll            |     6 |     2 ||     8
Armor: Scale mail        |    73 |    56 ||   129
Dodge: Dodged            |    59 |    51 ||   110
Block: Buckler           |    35 |    28 ||    63

Table legend: (Time is in decaauts)
 A = Elapsed time spent in this place.
 B = Non-inter-level travel time spent in this place.
 C = Inter-level travel time spent in this place.
 D = Time resting spent in this place.
 E = Time spent auto-exploring this place.
 F = Levels seen in this place.
 G = Mean time per level.
                   A        B        C        D        E       F      G
               +--------+--------+--------+--------+--------+-----+--------+
         Total |   3724 |   3673 |     51 |    130 |   2922 |   4 |  931.0 |
       Dungeon |   3724 |   3673 |     51 |    130 |   2922 |   4 |  931.0 |
               +--------+--------+--------+--------+--------+-----+--------+

Top non-repeatable levels by time:
     D:1: 1298 daAuts
     D:3: 1255 daAuts
     D:2: 1079 daAuts
     D:4: 91 daAuts
